 Dungeon Crawl Stone Soup version 0.29-a0-284-gf9362112df (webtiles) character file.

Game seed: 9821039030210614108

343895 Zonian the Champion of Chaos (level 21, -46/298 HPs)
             Began as a Demonspawn Ice Elementalist on Mar 26, 2022.
             Was the Champion of Makhleb.
             Annihilated by an orc warlord
             ... wielding a +1 long sword of holy wrath
              (64 damage)
             ... on level 3 of the Vaults.
             The game lasted 04:57:45 (85146 turns).

Zonian the Champion of Chaos (DsIE)                Turns: 85146, Time: 04:58:03

Health: -46/298    AC: 11    Str: 15    XL:     21   Next: 14%
Magic:  0/37       EV: 23    Int: 31    God:    Makhleb [******]
Gold:   2977       SH:  9    Dex: 25    Spells: 0/44 levels left

rFire   . . .      SeeInvis +   g - +9 Maxwell's thermic engine {flame, freeze}
rCold   + . .      Faith    .   J - +3 buckler of Disguise {rC+}
rNeg    . . .      Spirit   +   M - +2 robe {Will+}
rPois   .          Reflect  .   b - +0 hat {SInv}
rElec   .          Harm     .   T - +2 cloak {Stlth+}
rCorr   +          Rampage  ∞   (gloves unavailable)
Will    +++..                   N - +3 pair of seven-league boots {Rampage+∞}
Stlth   ..........              l - amulet of magic regeneration
HPRegen 0.59/turn               v - ring "Quhe" {Will+ rCorr Dex+3}
MPRegen 0.90/turn               E - ring "Meruczo" {Str+7 Int+5 Dex+6 Stlth+}

@: berserking, repel missiles, very quick
A: repulsion field 3, robust 2, magic shield, magic regeneration, magic link,
demonic magic 3, demonic touch 3
}: 2/15 runes: serpentine, barnacled
a: Renounce Religion, Minor Destruction, Lesser Servant of Makhleb, Major
Destruction, Greater Servant of Makhleb


You were on level 3 of the Vaults.
You worshipped Makhleb.
Makhleb was exalted by your worship.
You visited 8 branches of the dungeon, and saw 38 of its levels.
You also visited: Wizlab.

You collected 5113 gold pieces.
You spent 2136 gold pieces at shops.

Inventory:

Hand Weapons
 g - the +9 Maxwell's thermic engine (weapon) {flame, freeze}
   (You took it off a deep elf demonologist on level 3 of the Elven Halls)

   It burns those it strikes, dealing additional fire damage.
   Big, fiery blades are also staple armaments of hydra-hunters.
   It freezes those it strikes, dealing additional cold damage.
   It can also slow down cold-blooded creatures.
   It becomes more effective when it hits something.
   This effect fades over time.
 B - a +9 quick blade of venom
 F - a +6 spectral long sword
Missiles
 k - 5 throwing nets
 A - 14 javelins
 D - 2 boomerangs of dispersal
Armour
 b - a +0 hat of see invisible (worn)
 q - a +1 hat
 J - the +3 buckler of Disguise (worn) {rC+}
   (You acquired it on level 2 of the Shoals)

   rC:        It protects you from cold.
 M - a +2 robe of willpower (worn)
 N - the +3 pair of seven-league boots (worn) {Rampage+∞}
   (You found it on level 6 of the Lair of Beasts)

   Its wearer moves as far as possible in that direction when moving towards
   enemies.
 R - a +2 leather armour of poison resistance
 T - a +2 cloak of stealth (worn)
Jewellery
 c - the ring of the Greedy {Fly Str+5}
   (You took it off a deep elf demonologist on level 3 of the Elven Halls)

   [ring of flight]

   Str:       It affects your strength (+5).
   Fly:       It grants you flight.
 j - the ring "Lavvot" {Fly rF+ rN++ Str-4 Int+4}
   (You took it off a deep elf death mage on level 3 of the Elven Halls)

   [ring of flight]

   Str:       It affects your strength (-4).
   Int:       It affects your intelligence (+4).
   rF:        It protects you from fire.
   rN:        It greatly protects you from negative energy.
   Fly:       It grants you flight.
 l - an amulet of magic regeneration (around neck)
 v - the ring "Quhe" (left hand) {Will+ rCorr Dex+3}
   (You took it off a gnoll on level 9 of the Dungeon)

   [ring of willpower]

   Dex:       It affects your dexterity (+3).
   rCorr:     It protects you from acid and corrosion.
   Will:      It increases your willpower.
 E - the ring "Meruczo" (right hand) {Str+7 Int+5 Dex+6 Stlth+}
   (You took it off a deep elf archer on level 3 of the Elven Halls)

   [ring of dexterity]

   Str:       It affects your strength (+7).
   Int:       It affects your intelligence (+5).
   Dex:       It affects your dexterity (+6).
   Stlth:     It makes you more stealthy.
 K - a ring of protection from fire
 O - a ring of protection from cold
 X - the ring "Tiefyw" {Contam rF+ MP+9 Str+4 SInv}
   (You took it off a deep elf zephyrmancer on level 3 of the Elven Halls)

   [ring of magical power]

   Str:       It affects your strength (+4).
   rF:        It protects you from fire.
   MP:        It affects your magic capacity (+9).
   SInv:      It lets you see invisible.
   Contam:    It causes magical contamination when unequipped.
Wands
 e - a wand of digging (15)
 h - a wand of charming (9)
 y - a wand of iceblast (1)
 I - a wand of flame (14)
 Q - a wand of acid (2)
 S - a wand of mindburst (12)
 Y - a wand of paralysis (16)
 Z - a wand of polymorph (6)
Scrolls
 m - 4 scrolls of summoning
 n - 2 scrolls of brand weapon
 r - 5 scrolls of magic mapping
 s - a scroll of blinking
 x - 4 scrolls of enchant armour
 C - 4 scrolls of fog
 G - 8 scrolls of teleportation
 H - 2 scrolls of silence
 W - 4 scrolls of fear
Potions
 a - 4 potions of invisibility
 d - 6 potions of haste
 f - 4 potions of might
 i - 2 potions of heal wounds
 p - 6 potions of flight
 t - a potion of resistance
 u - 5 potions of ambrosia
 w - 6 potions of curing
 L - a potion of berserk rage
 P - a potion of magic
 V - a potion of brilliance
Miscellaneous
 o - a condenser vane
 z - a tin of tremorstones (1/2)


   Skills:
 + Level 14.3 Fighting
 - Level 8.0(9.9) Short Blades
 + Level 9.1(10.4) Long Blades
 - Level 5.0 Armour
 - Level 8.9 Dodging
 - Level 8.0 Stealth
 - Level 4.0 Shields
 + Level 12.3 Spellcasting
 - Level 12.9 Conjurations
 - Level 3.9 Hexes
 - Level 6.9 Necromancy
 + Level 11.0 Translocations
 - Level 6.7 Fire Magic
 - Level 10.0 Ice Magic
 - Level 7.3 Air Magic
 - Level 7.6 Poison Magic
 - Level 17.4 Invocations
 - Level 9.8 Evocations


You couldn't memorise any spells.
You knew the following spells:

 Your Spells              Type           Power      Damage    Failure   Level
a - Freeze                Ice            100%       1d11      1%          1
b - Frozen Ramparts       Ice            100%       1d12      1%          3
c - Ozocubu's Armour      Ice            69%        N/A       1%          3
d - Hailstorm             Conj/Ice       74%        3d15      1%          4
e - Iskenderun's Mystic   Conj/Tloc      76%        2d15      1%          4
f - Mephitic Cloud        Conj/Pois/Air  67%        N/A       1%          3
g - Swiftness             Air            59%        N/A       1%          3
h - Flame Wave            Conj/Fire      68%        2d13      1%          4
i - Freezing Cloud        Conj/Ice/Air   34%        6-21      1%          5
j - Fulminant Prism       Conj/Hex       31%        3d16      1%          4
k - Dispel Undead         Necr           58%        3d21      1%          4
l - Dispersal             Tloc           36%        N/A       5%          6

Your spell library contained the following spells:

 Spells                   Type           Power      Damage    Failure   Level
 Animate Skeleton         Necr           100%       N/A       1%          1
 Apportation              Tloc           100%       N/A       1%          1
 Pain                     Necr           100%       1d9       1%          1
 Slow                     Hex            100%       N/A       1%          1
 Corpse Rot               Necr/Air       100%       N/A       1%          2
 Ensorcelled Hibernation  Hex/Ice        100%       N/A       1%          2
 Scorch                   Fire           100%       2d10      1%          2
 Sublimation of Blood     Necr           58%        N/A       1%          2
 Confusing Touch          Hex            43%        N/A       1%          3
 Dazzling Flash           Conj/Hex       100%       N/A       1%          3
 Gell's Gravitas          Tloc           73%        N/A       1%          3
 Ignite Poison            Fire/Tmut/Pois 49%        N/A       1%          3
 Teleport Other           Tloc           73%        N/A       1%          3
 Tukima's Dance           Hex            43%        N/A       1%          3
 Vampiric Draining        Necr           58%        2d10      1%          3
 Lightning Bolt           Conj/Air       35%        1d53      1%          5
 Summon Small Mammal      Summ           76%        N/A       3%          1
 Passwall                 Tmut/Erth      15%        N/A       4%          2
 Summon Guardian Golem    Hex/Summ       31%        N/A       4%          3
 Ice Form                 Ice/Tmut       50%        N/A       4%          4
 Agony                    Necr           58%        N/A       5%          5
 Irradiate                Conj/Tmut      28%        3d22      6%          5
 Conjure Ball Lightning   Conj/Air       35%        3x3d11    8%          6
 Starburst                Conj/Fire      34%        6d10      9%          6
 Call Canine Familiar     Summ           19%        N/A       10%         3
 Summon Forest            Summ/Tloc      26%        N/A       10%         5
 Orb of Destruction       Conj           39%        9d11      14%         7
 Simulacrum               Ice/Necr       32%        N/A       16%         6
 Borgnjor's Vile Clutch   Necr/Erth      20%        N/A       22%         5
 Petrify                  Tmut/Erth      19%        N/A       32%         4
 Blade Hands              Tmut           9%         N/A       65%         5
 Lee's Rapid Deconstruct  Erth           9%         3d8*      65%         5
 Eringya's Noxious Bog    Tmut/Pois      21%        N/A       71%         6
 Spellforged Servitor     Conj/Summ      28%        N/A       89%         7
 Disjunction              Tloc           36%        N/A       92%         8
 Summon Cactus Giant      Summ           9%         N/A       99%         6
 Storm Form               Tmut/Air       21%        N/A       99%         7
 Dragon Form              Tmut           9%         N/A       100%        7
 Discord                  Hex            21%        N/A       100%        8


Dungeon Overview and Level Annotations

Branches:
Dungeon (15/15)            Temple (1/1) D:7            Lair (6/6) D:11
 Shoals (4/4) Lair:2        Snake (4/4) Lair:2        Slime (0/5) Lair:5
    Orc (2/2) D:12            Elf (3/3) Orc:2        Vaults (3/5) D:14
  Crypt (0/3) Vaults:2     Depths (0/4) D:15         WizLab (visited)

Altars:
Dithmenos
Makhleb
Okawaru
Sif Muna
Zin
Beogh
Jiyva

Shops:
D:11 [   Orc:2 *[=([   Elf:2 [(*(   Elf:3 =   Shoals:2 ?   Vaults:1 ?*(

Annotations:
D:2 1 runed translucent door, Crazy Yiuf
D:6 2 transporters, mistaj's ghost, novice VSMo
Lair:1 1 runed translucent door, sokol815's ghost, journeyman DjGl
Lair:2 exclusion: oklob plant
Snake:3 jejorda2's ghost, adept MfBe
Elf:2 3 runed translucent doors


Innate Abilities, Weirdness & Mutations

You are surrounded by a strong repulsion field. (EV +4, RMsl)
You are very robust. (+20% HP)
When hurt, damage is shared between your health and your magic reserves.
You regenerate magic rapidly.
When low on magic, you restore magic in place of health.
Spells you cast and wands you use may paralyse nearby enemies.
Your touch may irresistibly damage your foes and sap their willpower.


Message History

Makhleb accepts your kill.
You feel better.
The burst of rock shards engulfs the orc knight but does no damage.
The orc knight hits you with a +1 dire flail!!!
* * * LOW HITPOINT WARNING * * *
Casting: Iskenderun's Mystic Blast (safe; 1% risk of failure)
Confirm with . or Enter, or press ? or * to list all spells.
You erupt in a blast of force!
The mystic blast hits the orc knight!!
The orc knight is almost dead.
The orc knight is knocked back by the mystic blast.
The mystic blast hits the orc warlord.
The orc warlord is lightly wounded.
The orc warlord is knocked back by the mystic blast.
The mystic blast hits the orc knight!
The orc knight is moderately wounded.
The orc knight is knocked back by the mystic blast.
The orc knight slams into the metal wall!
The orc knight is moderately wounded.
Malevolent energies surge around you. You block the orc knight's attack.
As you read the scroll of fear, it crumbles to dust.
You assume a fearsome visage.
The orc warlord resists with almost no effort.
The orc knight looks frightened! x2
Okay, then.
A red film seems to cover your vision as you go berserk!
You feel yourself moving faster!
You feel mighty! You block the orc warlord's attack.
You slash the orc warlord! You burn the orc warlord.
You freeze the orc warlord.
The orc warlord is moderately wounded.
The orc warlord completely misses you.
You barely miss the orc warlord.
The orc warlord is moderately wounded.
You slice the orc warlord!! You burn the orc warlord!
You freeze the orc warlord.
The orc warlord is severely wounded.
The orc warlord hits you with a +1 long sword of holy wrath!!!
* * * LOW HITPOINT WARNING * * *
You convulse!!!
You die...

#######'##################'######
.................................
.................................
.....................[...........
.................................
........####'########............
###....#####.....#####...########
#÷..## #......)..####..# # #.[.#
#.......@o..# #..# #
#...##.....###)...o##..# #
#...##...### ###)[.##..# #
#...#.... ....#..# # #...#...#
)..#..# # #...#... ...#..# #
#.).#... ..#.[# # #...# ..#..# #
#...# #..# #


You could see an orc warlord (strong) and an orc knight (strong, fleeing).

Vanquished Creatures
  Mara (Vaults:2)
  Vashnia (Snake:4)
  Xtahua (Vaults:2)
  Jorgrun (D:14)
  3 deep elf blademasters (Elf:3)
  2 sphinxes
  3 deep elf master archers (Elf:3)
  An ancient champion (Vaults:2)
  Gastronok (D:8)
  Agnes (Elf:1)
  Kirke (Lair:4)
  Donald (Shoals:1)
  4 nagarajas (Snake:4)
  5 vault wardens
  8 deep elf sorcerers
  An orc warlord (Orc:2)
  8 deep elf elementalists (Elf:3)
  6 ironbound preservers
  3 ironbound thunderhulks
  9 deep elf demonologists
  9 deep elf annihilators (Elf:3)
  3 minotaurs (Shoals:4)
  12 dire elephants
  An eidolon (Vaults:2)
  4 deep elf death magi
  Snorg (D:13)
  A fire dragon (Lair:6)
  4 merfolk impalers
  Josephine (D:14)
  4 yaktaur captains
  4 deep elf high priests (Elf:3)
  3 great orbs of eyes
  A jiangshi (WizLab)
  A salamander tyrant (Snake:4)
  15 vault guards
  Fannar (D:11)
  25 naga warriors
  3 hydras
  6 boulder beetles
  7 ironbound frosthearts
  2 peacekeepers (Vaults:1)
  A merfolk aquamancer (Shoals:1)
  9 two-headed ogres
  4 catoblepae
  11 anacondas
  2 merfolk avatars
  8 satyrs (Shoals:4)
  3 centaur warriors
  A tengu warrior (D:15)
  Erica (D:9)
  A death knight (D:13)
  16 dancing weapons
  6 death yaks
  4 orc high priests
  Urug (D:11)
  10 naga sharpshooters
  4 shock serpents
  31 slime creatures
  A titan zombie (WizLab)
  3 sun demons (Shoals:2)
  Amaemon (Lair:4)
  20 deep elf knights
  Lodul (D:14)
  2 salamander mystics (Snake:4)
  A spark wasp zombie (WizLab)
  A spriggan druid (Elf:1)
  16 deep trolls
  A glowing orange brain (Vaults:1)
  2 phantasmal warriors
  15 sea snakes
  5 wizards
  21 deep elf archers
  17 harpies
  9 naga ritualists
  12 ironbound convokers
  3 orc knights (Orc:2)
  An orange crystal statue (Elf:1)
  Pikel (Temple)
  8 lindwurms
  4 orc sorcerers (Orc:2)
  A wolf spider (D:15)
  3 necromancers
  26 ugly things
  16 mana vipers
  30 deep elf pyromancers
  12 fauns
  24 deep elf zephyrmancers
  24 manticores
  12 salamanders
  8 cyclopes
  2 elephants (Lair:6)
  31 black mambas
  24 naga magi
  A black mamba (shapeshifter) (D:14)
  9 guardian serpents
  6 torpor snails
  6 water nymphs
  An orange demon (Lair:4)
  7 vault sentinels
  4 gargoyles
  8 merfolk sirens
  4 large abominations (Elf:1)
  26 cane toads
  4 centaur skeletons (D:15)
  An unseen horror (D:11)
  11 yaktaurs
  3 rime drakes (Lair:6)
  2 freezing wraiths (Vaults:2)
  2 tengu conjurers (D:15)
  9 komodo dragons
  A polar bear (Elf:1)
  4 tyrant leeches (Lair:6)
  13 merfolk
  5 trolls
  7 hornets
  10 dream sheep
  11 snapping turtles
  4 wind drakes
  28 blink frogs
  A tarantella (shapeshifter) (D:11)
  7 water elementals
  3 air elementals
  2 shadows (D:9)
  6 wraiths
  2 hogs (Lair:4)
  2 wyverns
  3 vampires
  52 yaks
  5 basilisks
  3 fire elementals
  6 vampire mosquitoes
  7 wargs
  A naga (shapeshifter) (Vaults:2)
  3 acid dragons
  59 nagas
  11 water moccasins
  An ice beast (D:6)
  A sky beast (D:5)
  Duvessa (D:6)
  32 orc warriors
  13 wolves
  6 ogres
  4 centaurs
  3 lemures (Temple)
  An elf zombie (Elf:1)
  8 bullfrogs
  4 earth elementals
  A necrophage (D:6)
  3 gnoll sergeants
  3 scorpions
  6 wights
  Dowan (D:6)
  4 killer bees (D:11)
  4 howler monkeys
  6 electric eels
  A lava snake (D:15)
  4 jellies
  26 orc priests
  2 gnoll shamans
  3 iguanas
  32 orc wizards
  20 gnolls
  9 adders
  A worm (D:2)
  2 dart slugs
  78 orcs
  5 endoplasms
  6 giant cockroaches
  6 goblins
  6 hobgoblins
  8 jackals
  A quokka (D:4)
  5 ball pythons
  6 bats
  5 frilled lizards
  6 kobolds
  7 rats
1341 creatures vanquished.

Vanquished Creatures (collateral kills)
  Mennas (Vaults:2)
  Asterion (Elf:1)
  A deep elf death mage (Elf:1)
  A vault guard (D:14)
  A hydra (Lair:2)
  A catoblepas (D:11)
  A dancing weapon (Elf:1)
  3 naga sharpshooters
  2 deep elf knights (Elf:1)
  A skeletal warrior (D:13)
  A sea snake (Snake:4)
  A deep elf archer (Elf:1)
  A deep elf pyromancer (Elf:1)
  A freezing wraith (D:13)
  2 slime creatures (D:14)
  A dream sheep (Lair:6)
  3 wraiths (D:14)
  A yak (D:11)
  A basilisk (D:13)
  An earth elemental (Elf:1)
  2 killer bees (D:11)
  An orc wizard (D:4)
  3 orcs
32 creatures vanquished.

Vanquished Creatures (others)
  A deep elf demonologist (Elf:3)
  A deep elf zephyrmancer (Elf:3)
  An orc warrior (Orc:2)
  4 fulminant prisms
  42 fungi
  169 plants
  4 tentacles (Shoals:1)
222 creatures vanquished.

Grand Total: 1595 creatures vanquished

Notes
Turn   | Place    | Note
-------+----------+-------------------------------------------
     0 | D:1      | Zonian the Demonspawn Ice Elementalist began the quest for
                  | the Orb.
     0 | D:1      | Reached XP level 1. HP: 13/13 MP: 3/3
   442 | D:1      | Gained mutation: Your touch may inflict minor irresistible
                  | damage on your foes. [demonic ancestry]
   442 | D:1      | Reached XP level 2. HP: 19/19 MP: 3/5
   722 | D:1      | Found a faded altar of an unknown god.
   731 | D:1      | Prayed at the altar of an unknown god.
   731 | D:1      | Became a worshipper of Makhleb the Destroyer
   731 | D:1      | Reached * piety under Makhleb
  1728 | D:2      | Gained mutation: Spells you cast may paralyse adjacent
                  | enemies. [demonic ancestry]
  1728 | D:2      | Reached XP level 3. HP: 24/24 MP: 3/6
  2959 | D:2      | Gained mutation: Your touch may inflict irresistible damage
                  | on your foes. [demonic ancestry]
  2959 | D:2      | Reached XP level 4. HP: 28/30 MP: 5/8
  3259 | D:2      | Found a runed translucent door.
  3260 | D:2      | Noticed Crazy Yiuf
  3331 | D:3      | Learned a level 3 spell: Frozen Ramparts
  3335 | D:3      | Learned a level 3 spell: Ozocubu's Armour
  3423 | D:3      | Found a shadowy altar of Dithmenos.
  3423 | D:3      | Found an iron altar of Okawaru.
  3431 | D:3      | Found a shimmering blue altar of Sif Muna.
  3433 | D:3      | Found a faded altar of an unknown god.
  3435 | D:3      | Found a faded altar of an unknown god.
  3532 | D:3      | Reached ** piety under Makhleb
  4614 | D:4      | Gained mutation: You are surrounded by a mild repulsion
                  | field. (EV +2) [demonic ancestry]
  4614 | D:4      | Reached XP level 5. HP: 32/35 MP: 6/9
  5376 | D:4      | Identified a scroll of acquirement
  5421 | D:4      | Acquired the ring of Anouv {Int+2 Dex+6}
  6520 | D:5      | Entered Level 5 of the Dungeon
  6578 | D:5      | Gained mutation: You are surrounded by a moderate repulsion
                  | field. (EV +3) [demonic ancestry]
  6578 | D:5      | Reached XP level 6. HP: 38/41 MP: 6/11
  6999 | D:5      | Reached skill level 5 in Ice Magic
  7578 | D:5      | Noticed a sky beast
  7714 | D:5      | Reached XP level 7. HP: 46/46 MP: 13/13
  9368 | D:6      | Reached skill level 5 in Dodging
  9368 | D:6      | Reached skill level 5 in Spellcasting
  9500 | D:6      | Noticed Duvessa
  9501 | D:6      | Noticed Dowan
  9510 | D:6      | Killed Duvessa
  9511 | D:6      | Reached XP level 8. HP: 52/52 MP: 11/15
  9526 | D:6      | Killed Dowan
  9742 | D:6      | Found a transporter.
  9744 | D:6      | Noticed mistaj's ghost (novice VSMo)
  9749 | D:6      | Identified the +7 giant club of Arbitration {pain, rElec
                  | rC+}
  9749 | D:6      | Noticed a two-headed ogre
 10859 | D:6      | Found a transporter.
 11099 | D:7      | Learned a level 4 spell: Hailstorm
 11388 | D:7      | Reached *** piety under Makhleb
 11977 | D:7      | Found a staircase to the Ecumenical Temple.
 11985 | D:7      | Noticed Pikel
 11991 | Temple   | Entered the Ecumenical Temple
 13033 | Temple   | Killed Pikel
 13034 | Temple   | Gained mutation: Your touch may irresistibly damage your
                  | foes and sap their willpower. [demonic ancestry]
 13034 | Temple   | Reached XP level 9. HP: 36/57 MP: 10/19
 14848 | D:8      | Noticed Gastronok
 15093 | D:8      | Killed Gastronok
 15094 | D:8      | Reached skill level 2 in Invocations
 15094 | D:8      | Gained mutation: Spells you cast may paralyse nearby
                  | enemies. [demonic ancestry]
 15094 | D:8      | Reached XP level 10. HP: 22/63 MP: 9/22
 15407 | D:8      | Reached skill level 3 in Invocations
 16278 | D:9      | Identified the ring "Quhe" {Will+ rCorr Dex+3}
 16448 | D:9      | Reached skill level 4 in Invocations
 16789 | D:9      | Noticed a two-headed ogre
 17499 | D:9      | Killed a two-headed ogre
 17500 | D:9      | Reached skill level 5 in Invocations
 17811 | D:9      | Noticed Erica
 17857 | D:9      | Killed Erica
 18031 | D:10     | Entered Level 10 of the Dungeon
 18105 | D:10     | Noticed a cyclops
 18114 | D:10     | Killed a cyclops
 18115 | D:10     | Reached skill level 6 in Invocations
 18115 | D:10     | Gained mutation: You regenerate magic rapidly. [demonic
                  | ancestry]
 18115 | D:10     | Reached XP level 11. HP: 68/68 MP: 20/23
 18453 | D:10     | Reached skill level 1 in Short Blades
 18461 | D:10     | Reached skill level 1 in Fighting
 19879 | D:11     | Noticed a six-headed hydra
 19923 | D:11     | Reached **** piety under Makhleb
 20037 | D:11     | Reached skill level 1 in Conjurations
 20304 | D:11     | Noticed Urug
 20315 | D:11     | Killed Urug
 20316 | D:11     | Reached skill level 7 in Invocations
 20480 | D:11     | Killed a six-headed hydra
 20521 | D:11     | Noticed Fannar
 20564 | D:11     | Reached skill level 1 in Shields
 20599 | D:11     | Noticed a catoblepas
 21582 | D:11     | Reached skill level 10 in Ice Magic
 21944 | D:11     | Found a staircase to the Lair.
 21963 | D:11     | Found Fuet's Armour Boutique.
 22001 | Lair:1   | Entered Level 1 of the Lair of Beasts
 22244 | Lair:1   | Reached skill level 1 in Long Blades
 22434 | Lair:1   | Reached skill level 8 in Invocations
 22798 | Lair:1   | Found a runed translucent door.
 22799 | Lair:1   | Identified the +11 trident "Asugit" {antimagic, +Blink
                  | rPois Dex+6}
 22799 | Lair:1   | Noticed sokol815's ghost (journeyman DjGl)
 23241 | Lair:2   | Gained mutation: When hurt, damage is shared between your
                  | health and your magic reserves. [demonic ancestry]
 23241 | Lair:2   | Reached XP level 12. HP: 83/83 MP: 21/25
 24026 | Lair:2   | Noticed an eight-headed hydra
 24033 | Lair:2   | Killed a seven-headed hydra
 25379 | Lair:2   | Found a staircase to the Snake Pit.
 25699 | Lair:2   | Found a staircase to the Shoals.
 26151 | Lair:3   | Reached skill level 10 in Spellcasting
 26193 | Lair:3   | Reached skill level 9 in Invocations
 26988 | Lair:3   | Reached skill level 5 in Fighting
 27586 | Lair:3   | Acquired a +9 quick blade
 27778 | Lair:4   | Noticed Kirke
 27806 | Lair:3   | Reached skill level 5 in Conjurations
 27815 | Lair:3   | Learned a level 4 spell: Iskenderun's Mystic Blast
 28233 | Lair:4   | Noticed a six-headed hydra
 28246 | Lair:4   | Killed a six-headed hydra
 28370 | Lair:4   | Reached skill level 1 in Translocations
 28467 | Lair:4   | Noticed Amaemon
 28487 | Lair:4   | Killed Amaemon
 28841 | Lair:4   | Gained mutation: You are surrounded by a strong repulsion
                  | field. (EV +4, RMsl) [demonic ancestry]
 28841 | Lair:4   | Reached XP level 13. HP: 76/93 MP: 21/27
 29421 | Lair:4   | Reached skill level 10 in Invocations
 29426 | Lair:4   | Killed Kirke
 30667 | Lair:5   | Found a viscous altar of Jiyva.
 30667 | Lair:5   | Found a staircase to the Slime Pits.
 31123 | Lair:5   | Reached ***** piety under Makhleb
 32119 | Lair:6   | Entered Level 6 of the Lair of Beasts
 32962 | Lair:6   | Reached skill level 5 in Short Blades
 32962 | Lair:6   | Reached skill level 11 in Invocations
 33223 | Lair:6   | Reached skill level 1 in Armour
 33646 | Lair:6   | Found a runed translucent door.
 33646 | Lair:6   | Noticed a fire dragon
 33698 | Lair:6   | Killed a fire dragon
 33912 | Lair:6   | Gained mutation: You are robust. (+10% HP) [demonic
                  | ancestry]
 33912 | Lair:6   | Reached XP level 14. HP: 79/113 MP: 17/29
 34722 | Lair:6   | Reached skill level 5 in Translocations
 35756 | Lair:6   | Found the +3 pair of seven-league boots {Rampage+∞}
 35776 | Lair:6   | Reached skill level 12 in Invocations
 36658 | D:11     | Killed Fannar
 37128 | D:12     | Found a staircase to the Orcish Mines.
 37246 | D:12     | Identified the +10 hand axe "Fyut Vic" {flame, rPois rF-
                  | rC++ Stlth+}
 38349 | D:13     | Noticed Snorg
 38359 | D:13     | Killed Snorg
 41294 | D:14     | Noticed Josephine
 41296 | D:14     | Noticed Lodul
 41334 | D:14     | Noticed Jorgrun
 41412 | D:14     | Reached XP level 15. HP: 103/123 MP: 30/30
 41481 | D:14     | Killed Jorgrun
 41580 | D:14     | Found a gate to the Vaults.
 41914 | D:14     | Killed Lodul
 42309 | D:14     | Reached skill level 13 in Invocations
 42622 | D:14     | Identified the +1 ring mail "Kotoxkoi" {Str+4 Dex+5}
 42935 | D:14     | Killed Josephine
 43083 | D:14     | Reached skill level 5 in Armour
 43364 | D:15     | Entered Level 15 of the Dungeon
 43997 | D:15     | Got Fisal's Handbook of Displacement
 44164 | D:15     | Found a staircase to the Depths.
 44980 | Orc:1    | Entered Level 1 of the Orcish Mines
 45464 | Orc:2    | Entered Level 2 of the Orcish Mines
 45629 | Orc:2    | Found Iplaalilusm's Antique Armour Emporium.
 45782 | Orc:2    | Noticed an orc warlord
 45785 | Orc:2    | Reached ****** piety under Makhleb
 45788 | Orc:2    | Reached skill level 14 in Invocations
 45794 | Orc:2    | Reached XP level 16. HP: 134/134 MP: 8/32
 45824 | Orc:2    | Found a staircase to the Elven Halls.
 45953 | Orc:2    | Reached skill level 10 in Fighting
 46115 | Orc:2    | Reached skill level 10 in Conjurations
 46334 | Orc:2    | Found Yfivamom's General Store.
 46335 | Orc:2    | Found Buleqithi's Jewellery Shop.
 46337 | Orc:2    | Found Kufruthri's Antique Armour Shop.
 46337 | Orc:2    | Found Plog's Antique Weapon Boutique.
 46342 | Orc:2    | Bought a scroll of fog for 26 gold pieces
 46943 | Snake:1  | Entered Level 1 of the Snake Pit
 47936 | Snake:1  | Got the Handbook of Poisonous Lightness
 47941 | Snake:1  | Learned a level 3 spell: Mephitic Cloud
 48715 | Snake:1  | Reached skill level 1 in Air Magic
 48721 | Snake:1  | Reached skill level 1 in Poison Magic
 49100 | Orc:2    | Bought a fading leather armour for 238 gold pieces
 49100 | Orc:2    | Identified the +3 leather armour "Vestick" {Str-3 Int+5}
                  | (You bought it in a shop on level 2 of the Orcish Mines)
 49204 | Snake:1  | Learned a level 3 spell: Swiftness
 49844 | Snake:1  | Reached skill level 5 in Long Blades
 52180 | Snake:2  | Identified the +10 great mace of Extremism {holy, rN+ rCorr
                  | Str-2}
 53155 | Snake:2  | Reached skill level 1 in Evocations
 53554 | Snake:2  | Learned a level 4 spell: Flame Wave
 53655 | Snake:2  | Reached skill level 15 in Invocations
 54324 | Snake:3  | Reached skill level 1 in Fire Magic
 54502 | Snake:3  | Found a large runed translucent door.
 54502 | Snake:3  | Found a large runed translucent door.
 54503 | Snake:3  | Noticed jejorda2's ghost (adept MfBe)
 55087 | Snake:3  | Learned a level 5 spell: Freezing Cloud
 55103 | Snake:4  | Entered Level 4 of the Snake Pit
 55509 | Snake:4  | Gained mutation: You are very robust. (+20% HP) [demonic
                  | ancestry]
 55509 | Snake:4  | Reached XP level 17. HP: 129/156 MP: 27/33
 57991 | Snake:4  | Noticed Vashnia
 58006 | Snake:4  | Killed Vashnia
 58898 | Snake:4  | Got a serpentine rune of Zot
 59310 | Snake:4  | Reached skill level 5 in Poison Magic
 59313 | Snake:4  | Reached skill level 5 in Stealth
 60373 | Shoals:1 | Entered Level 1 of the Shoals
 61607 | Shoals:1 | Noticed a kraken
 62023 | Shoals:1 | Noticed Donald
 62032 | Shoals:1 | Killed Donald
 62033 | Shoals:1 | Reached skill level 5 in Air Magic
 62109 | Shoals:1 | Reached XP level 18. HP: 137/165 MP: 21/34
 62529 | Shoals:2 | Reached skill level 16 in Invocations
 63804 | Shoals:2 | Found Noozue's Magic Scroll Emporium.
 63838 | Shoals:2 | Bought a scroll of fog for 20 gold pieces
 63838 | Shoals:2 | Bought a scroll of enchant armour for 75 gold pieces
 63838 | Shoals:2 | Bought a scroll of fog for 20 gold pieces
 63838 | Shoals:2 | Bought a scroll of teleportation for 30 gold pieces
 63838 | Shoals:2 | Bought a scroll of enchant armour for 75 gold pieces
 63838 | Shoals:2 | Acquired the +3 buckler of Disguise {rC+}
 63951 | Shoals:2 | Reached skill level 5 in Evocations
 65484 | Shoals:4 | Entered Level 4 of the Shoals
 66020 | Shoals:4 | Reached skill level 10 in Translocations
 66034 | Shoals:4 | Reached skill level 5 in Fire Magic
 66749 | Shoals:4 | Got a barnacled rune of Zot
 67881 | Elf:1    | Entered Level 1 of the Elven Halls
 67947 | Elf:1    | You fall into a shaft and drop 1 floor!
 67947 | Elf:2    | Found Dott's Weapon Shop.
 68059 | Elf:2    | Found Levufyte's General Store.
 68065 | Elf:2    | Bought a wand of iceblast (2) for 60 gold pieces
 68065 | Elf:2    | Bought a scroll of summoning for 95 gold pieces
 68065 | Elf:2    | Bought a scroll of fog for 20 gold pieces
 68321 | Elf:1    | Identified the +0 kite shield of Whack-A-Mole {Contam
                  | +Blink rCorr SInv}
 68321 | Elf:1    | Noticed Asterion
 68346 | Elf:1    | Killed Asterion
 68415 | Elf:1    | Noticed Agnes
 68439 | Elf:1    | Killed Agnes
 69289 | Elf:1    | Gained mutation: Spells you cast and wands you use may
                  | paralyse nearby enemies. [demonic ancestry]
 69289 | Elf:1    | Reached XP level 19. HP: 175/175 MP: 35/35
 69428 | Elf:1    | Got the Tome of the New World
 69434 | Elf:1    | Learned a level 4 spell: Fulminant Prism
 70224 | Elf:2    | Reached skill level 1 in Hexes
 71086 | Elf:2    | Found Ytycavun's Antique Weapon Shoppe.
 71116 | Elf:2    | Found Ocefuos's Antique Armour Shop.
 71244 | Elf:2    | Found a runed translucent gate.
 71245 | Elf:2    | Found a runed translucent gate.
 71245 | Elf:2    | Found a runed translucent gate.
 71295 | Elf:3    | Entered Level 3 of the Elven Halls
 71364 | Elf:3    | Found Ytaf's Jewellery Shop.
 71473 | Elf:3    | Found a magical portal.
 71685 | WizLab   | Entered Borgnjor's Mausoleum
 72797 | Elf:3    | Reached skill level 17 in Invocations
 74465 | Elf:3    | Identified the +4 glaive "Attaal" {flame, Fragile Will+++
                  | Int-5 SInv}
 74465 | Elf:3    | Identified the ring "Tiefyw" {Contam rF+ MP+9 Str+4 SInv}
 75054 | Elf:3    | Identified the +2 robe "Noropt" {rPois rF+ Dex-5}
 75163 | Elf:3    | Identified the ring "Meruczo" {Str+7 Int+5 Dex+6 Stlth+}
 75184 | Elf:3    | Identified the ring of the Greedy {Fly Str+5}
 75281 | Elf:3    | Learned a level 4 spell: Dispel Undead
 75334 | Elf:3    | Reached XP level 20. HP: 161/186 MP: 31/36
 75349 | Elf:3    | Reached skill level 1 in Necromancy
 75352 | Elf:3    | Identified the +5 halberd of Nureghaiwe {elec, *Rage rPois
                  | Str+4 SInv}
 75709 | Elf:3    | Identified the ring "Lavvot" {Fly rF+ rN++ Str-4 Int+4}
 75875 | Elf:3    | Identified the +1 shortbow of Tender Mercy {speed, Will+
                  | Str+2}
 76414 | Vaults:1 | Entered Level 1 of the Vaults
 76701 | Orc:2    | Bought a glowing hat for 189 gold pieces
 77515 | Vaults:1 | Got the Disquisition on Malediction and Confrontation
 78603 | Vaults:1 | Got the Incunabulum of the Birds
 78735 | Vaults:1 | Found Poosch's Magic Scroll Shop.
 79238 | Vaults:1 | Bought a scroll of teleportation for 48 gold pieces
 79238 | Vaults:1 | Bought a scroll of enchant armour for 120 gold pieces
 79238 | Vaults:1 | Bought a scroll of blinking for 120 gold pieces
 79486 | Vaults:1 | Found Langai Yskao's Assorted Antiques.
 79494 | Vaults:1 | Bought a potion of haste for 250 gold pieces
 79494 | Vaults:1 | Bought an amulet of magic regeneration for 750 gold pieces
 79537 | Vaults:1 | Found Kaosopsu's Weapon Shoppe.
 79591 | Vaults:2 | Noticed Mennas
 79940 | Vaults:2 | Noticed Mara
 79951 | Vaults:2 | Noticed Zonian's illusion
 80446 | Vaults:2 | Reached skill level 5 in Necromancy
 81149 | Vaults:2 | Noticed Xtahua
 81169 | Vaults:2 | Killed Xtahua
 81761 | Vaults:2 | Noticed Zonian's illusion
 81765 | Vaults:2 | Killed Mara
 82757 | Vaults:2 | Found a staircase to the Crypt.
 83553 | Vaults:2 | Gained mutation: When low on magic, you restore magic in
                  | place of health. [demonic ancestry]
 83553 | Vaults:2 | Reached XP level 21. HP: 198/198 MP: 37/37
 83706 | Vaults:2 | Killed Mennas
 84477 | Vaults:3 | Learned a level 6 spell: Dispersal
 85059 | Vaults:3 | Identified the +6 longbow "Kiatan" {flame, rCorr}
 85146 | Vaults:3 | Annihilated by an orc warlord

Illustrated notes

Levels and vault maps discovered:
D:1:      minmay_arrival_doors, layout_loops_corners,
          hellmonk_ecumenical_altar_run_dry, minmay_shallow_snake_nest
D:2:      layout_rooms, uniq_crazy_yiuf_cottage
D:3:      layout_basic, chequers_temple_overflow_minitemple,
          hangedman_decor_diamond_cutter, minmay_misc_feat_rows,
          hangedman_abyss_or_decor_lesser_grid
D:4:      layout_gridville, serial_rivers, chequers_serial_rivers_micro_e,
          chequers_serial_rivers_small_a, chequers_serial_rivers_small_b,
          chequers_serial_rivers_room_a, chequers_serial_rivers_micro_a
D:5:      layout_basic, nrook_pool_corridor, minmay_misc_feat_five
D:6:      layout_rooms, gammafunk_ghost_smash, uniq_duvessa
D:7:      layout_basic, temple_green, dk_rats_in_the_wall, uniq_pikel
D:8:      layout_loops_corners, uniq_gastronok
D:9:      hellmonk_destroyed_diamonds, layout_loops_cross, uniq_erica
D:10:     layout_basic, minmay_between
D:11:     layout_cave_pools, lair_entry_dummy, serial_shops,
          nicolae_lakefront_shop, minmay_mirror_moons_of_madness, uniq_urug,
          uniq_fannar
D:12:     layout_loops_ring, minmay_orc_entry_temple_small,
          kennysheep_generic_room_4
D:13:     layout_gridville, uniq_snorg
D:14:     layout_big_octagon, erik_vaults_2, minmay_staircase_bubble,
          uniq_lodul, uniq_josephine, uniq_jorgrun
D:15:     grunt_enter_depths_magical_seal, layout_basic, minmay_misc_feat_tower
Temple:   mainiacjoe_temple_bowtie_tessellation
Lair:1:   layout_regular_city, ebering_ghost_funeral_grove, enter_volcano_4
Lair:2:   layout_regular_city, minmay_shoals_entry_hut,
          minmay_snake_entry_guardpost_small, lemuel_oklob_altar
Lair:3:   layout_loops_ring, chequers_serial_rivers_micro_a, grunt_megastairs_5
Lair:4:   layout_small_grid, infiniplex_staircase_pool_2, serial_bayou_shore_a,
          uniq_kirke, uniq_amaemon
Lair:5:   layout_cave_pods, slime_altar_1
Lair:6:   hangedman_lair_in_review, layout_regular_city, wormcave,
          hellmonk_guarded_unrand_seven_league_boots
Shoals:1: layout_shoals, uniq_donald
Shoals:2: layout_shoals, serial_shops, shop, nicolae_shoals_sun_and_surf
Shoals:3: layout_shoals
Shoals:4: shoals_end_hellmonk_lost_city
Snake:1:  layout_honeycomb
Snake:2:  layout_rooms, special_room, nicolae_snake_gridmaze_entwining
Snake:3:  layout_misc_corridors, ebering_ghost_disaster_area,
          serial_bayou_shore_b, lemuel_fruit_tree
Snake:4:  johnstein_snake_rune_scales, layout_cave_town, serial_bayou_lagoon_b
Orc:1:    cheibrodos_orc_guarddog, layout_caves
Orc:2:    st_orc_congregation, layout_caves, serial_shops, nicolae_shop_trees
Elf:1:    layout_loops_ring, minmay_elf_necromancy, minivault_16,
          kilobyte_rumbling_trees, uniq_agnes, uniq_asterion
Elf:2:    nicolae_elf_blades_crystal_corner, layout_onion_city, serial_shops,
          nicolae_lakefront_shop, shop, nicolae_shop_window_shopping, shop
Elf:3:    nooodl_elf_gasket, layout_geoelf_grid,
          lightli_enter_wizlab_magi_temple, serial_shops,
          nicolae_shop_temple_entry_statues_fountains, st_stairs_5,
          elves_outpost_lemuel
Vaults:1: portal_desolation_entry_twin_temple, hangedman_vaults_maws,
          v_alt_pattern_3, nicolae_vaults_know_your_exits, v_misc_16, v_misc_10,
          vaults_dpeg_doors, vaults_room_door_ring,
          nicolae_vaults_little_squares_4, ontoclasm_vaults_gateway, v_misc_11,
          vaults_room_semicircle, nicolae_vaults_windows_and_doors_thing,
          layout_vaults_maze_snakey, serial_shops, nicolae_shop_trees,
          nicolae_shop_bloodbath_and_beyond, nicolae_diamond_shop
Vaults:2: v_misc_33, minmay_crypt_entry_simple_statues,
          nicolae_vaults_hallways_thing, hangedman_vaults_variations, v_misc_31,
          nicolae_vaults_ring_of_whatevers, nicolae_vaults_three_branches,
          v_misc_9, vaults_standard_mumra_lines,
          nicolae_vaults_little_squares_3, layout_vaults_ring, uniq_mennas,
          uniq_mara, uniq_xtahua
Vaults:3: hangedman_vaults_slice, v_misc_15, nicolae_vaults_stairing_the_circle,
          nicolae_vaults_little_squares_1, vaults_room_grid,
          vaults_room_stairs_pillars, vaults_room_door_ring,
          layout_vaults_omnigrid, serial_shops, nicolae_diamond_shop,
          nicolae_lakefront_shop, shop, shop, shop

Skill      XL: |  1  2  3  4  5  6  7  8  9 10 11 12 13 14 15 16 17 18 19 20 21 |
---------------+----------------------------------------------------------------+-----
Dodging        | 2 3 4 5 6 8 |  8.9
Stealth        | 2 3 5 6 7 8 |  8.0
Ice Magic      | 4 5 6 7 8 9 10 | 10.0
Spellcasting   | 3 4 5 6 8 9 10 11 12 | 12.3
Invocations    | 2 6 8 9 11 12 14 15 16 17 | 17.4
Short Blades   | 2 3 5 6 8 |  8.0
Fighting       | 3 5 7 8 9 10 11 12 14 | 14.3
Conjurations   | 3 5 7 8 9 10 11 12 | 12.9
Shields        | 2 4 |  4.0
Long Blades    | 1 3 4 5 6 8 9 |  9.1
Translocations | 1 4 6 7 8 9 10 11 | 11.0
Armour         | 1 4 5 |  5.0
Air Magic      | 3 5 6 7 |  7.3
Poison Magic   | 3 5 6 7 |  7.6
Evocations     | 2 4 6 7 9 |  9.8
Fire Magic     | 1 4 5 6 |  6.7
Hexes          | 3 |  3.9
Necromancy     | 6 |  6.9

Action                   |  1- 3 |  4- 6 |  7- 9 | 10-12 | 13-15 | 16-18 | 19-21 || total
-------------------------+-------+-------+-------+-------+-------+-------+-------++-------
Melee: Unarmed           |    10 |       |       |       |       |       |       ||    10
       Touch             |     4 |    19 |    43 |    48 |       |       |       ||   114
       Trident           |       |    47 |       |       |       |       |       ||    47
       Dagger            |       |    54 |   157 |   420 |    14 |       |       ||   645
       Punch             |       |     2 |     2 |       |       |       |       ||     4
       Long sword        |       |       |       |    31 |    77 |    34 |    98 ||   240
       Quick blade       |       |       |       |   127 |  1601 |  2278 |  1206 ||  5212
       Scimitar          |       |       |       |     3 |       |       |       ||     3
       Double sword      |       |       |       |       |       |       |   257 ||   257
 Fire: Hunting sling     |       |       |       |       |     3 |       |       ||     3
Throw: Boomerang         |       |       |       |       |     5 |    12 |       ||    17
       Javelin           |       |       |       |       |       |    10 |     1 ||    11
 Cast: Freeze            |    49 |    27 |     8 |     2 |     1 |     8 |       ||    95
       Frozen Ramparts   |       |     1 |    25 |    53 |    48 |    29 |    22 ||   178
       Ozocubu's Armour  |       |     1 |     6 |     9 |     9 |     2 |     3 ||    30
       Hailstorm         |       |       |     2 |     7 |    40 |   144 |    53 ||   246
       Iskenderun's Myst |       |       |       |       |    13 |    84 |    68 ||   165
       Freezing Cloud    |       |       |       |       |       |    39 |    18 ||    57
       Swiftness         |       |       |       |       |       |     1 |     1 ||     2
       Mephitic Cloud    |       |       |       |       |       |    10 |    13 ||    23
       Flame Wave        |       |       |       |       |       |     2 |    10 ||    12
       Fulminant Prism   |       |       |       |       |       |       |     4 ||     4
       Dispel Undead     |       |       |       |       |       |       |     2 ||     2
Invok: Minor Destruction |       |       |     1 |       |       |       |       ||     1
       Lesser Servant of |       |       |       |     4 |    17 |     3 |       ||    24
       Major Destruction |       |       |       |     2 |     3 |     4 |       ||     9
       Greater Servant o |       |       |       |       |       |     5 |     5 ||    10
Evoke: Wand              |       |     1 |     7 |     8 |    17 |    16 |    37 ||    86
       Condenser vane    |       |       |       |       |     5 |       |     1 ||     6
       Tin of tremorston |       |       |       |       |     5 |     4 |     4 ||    13
  Use: Scroll            |       |    13 |     6 |    10 |    12 |     8 |    12 ||    61
       Potion            |       |     1 |     1 |     1 |    10 |     5 |    16 ||    34
 Stab: Sleeping          |       |    10 |     5 |     9 |    10 |    12 |     6 ||    52
       Paralysed         |       |     1 |    17 |    28 |    33 |    33 |    30 ||   142
       Distracted        |       |       |       |     1 |    10 |     3 |     7 ||    21
       Confused          |       |       |       |       |     8 |     4 |     2 ||    14
       Petrified         |       |       |       |       |     9 |       |       ||     9
Armor: Robe              |     3 |    28 |    15 |    43 |     5 |    67 |   130 ||   291
       Leather armour    |       |       |       |    21 |   121 |    57 |       ||   199
Dodge: Dodged            |    22 |    80 |   125 |   427 |   584 |   900 |   629 ||  2767
       Repelled          |       |       |       |       |     7 |    43 |    23 ||    73
Block: Buckler           |       |       |       |   104 |   205 |   359 |   347 ||  1015

Table legend: (Time is in decaauts)
 A = Elapsed time spent in this place.
 B = Non-inter-level travel time spent in this place.
 C = Inter-level travel time spent in this place.
 D = Time resting spent in this place.
 E = Time spent auto-exploring this place.
 F = Levels seen in this place.
 G = Mean time per level.
                   A        B        C        D        E       F      G
               +--------+--------+--------+--------+--------+-----+--------+
         Total |  82172 |  78699 |   3473 |  42205 |  19788 |  39 | 2107.0 |
       Dungeon |  29256 |  27980 |   1276 |  13996 |   8597 |  15 | 1950.4 |
        Temple |   1277 |   1277 |      0 |   1194 |      0 |   1 | 1277.0 |
          Lair |  14694 |  13978 |    716 |   7547 |   3571 |   6 | 2449.0 |
        Shoals |   6177 |   6033 |    144 |   2757 |   1750 |   4 | 1544.2 |
     Snake Pit |  12759 |  12246 |    513 |   7705 |   1783 |   4 | 3189.8 |
  Orcish Mines |   2106 |   1620 |    486 |    126 |   1050 |   2 | 1053.0 |
   Elven Halls |   7975 |   7752 |    223 |   4485 |   1246 |   3 | 2658.3 |
        Vaults |   7829 |   7718 |    111 |   4392 |   1789 |   3 | 2609.7 |
        Wizlab |     96 |     96 |      0 |      0 |      0 |   1 |   96.0 |
               +--------+--------+--------+--------+--------+-----+--------+

Top non-repeatable levels by time:
 Snake:4: 4831 daAuts
 Snake:1: 4830 daAuts
Vaults:2: 4451 daAuts
   Elf:3: 4340 daAuts
  Lair:6: 3467 daAuts
  Lair:2: 3388 daAuts
Vaults:1: 2701 daAuts
    D:13: 2672 daAuts
    D:10: 2604 daAuts
     D:5: 2481 daAuts
  Lair:5: 2416 daAuts
    D:14: 2373 daAuts
   Elf:2: 2151 daAuts
Shoals:1: 2121 daAuts
     D:7: 2046 daAuts
